 Dungeon Crawl Stone Soup version 0.17.1-1-g73c8601 (webtiles) character file.

147 abixa the Poker (level 4, -3/36 HPs)
             Began as a Demigod Skald on Jan 8, 2016.
             Slain by an orc wizard
             ... wielding a +3 dagger
              (5 damage)
             ... on level 2 of the Dungeon.
             The game lasted 00:06:55 (1930 turns).

abixa the Poker (Demigod Skald)                     Turns: 1930, Time: 00:06:55

Health: -3/36      AC:  3    Str: 15    XL:     4   Next: 80%
Magic:  5/9        EV: 11    Int: 18    God:
Gold:   115        SH:  0    Dex: 15    Spells: 2 memorised, 3 levels left

rFire  . . .     SeeInvis .     B - +0 trident
rCold  + . .     Clarity  .     b - +0 leather armour
rNeg   . . .     SustAt   +     (no shield)
rPois  .         Gourm    .     (no helmet)
rElec  .         Spirit   .     (no cloak)
rCorr  .         Warding  .     (no gloves)
rMut   .         Rnd*Tele +     (no boots)
MR     .....                    (no amulet)
Stlth  +.........               A - ring of protection from cold
                                y - ring of teleportation (curse)

@: infused (expiring), singing (expiring), not resistant to hostile
enchantments, very unstealthy
A: high mp 1, sustain attributes
a: Stop Singing, Evoke Teleportation


You were on level 2 of the Dungeon.
You were not hungry.

You visited 1 branch of the dungeon, and saw 3 of its levels.

You collected 115 gold pieces.

Inventory:

Hand Weapons
 x - a +0 hunting sling
 B - a +0 trident (weapon)
Missiles
 h - 4 tomahawks (quivered)
 m - 82 stones
 p - 11 poisoned arrows
Armour
 b - a +0 leather armour (worn)
Jewellery
 a - an uncursed ring of stealth
 l - an uncursed ring of flight
 q - an uncursed ring of wizardry
 r - an uncursed ring of ice
 u - a +4 ring of strength
 y - a cursed ring of teleportation (left hand)
 A - a ring of protection from cold (right hand)
Scrolls
 i - a scroll of identify {unknown}
 j - 2 scrolls of teleportation {unknown}
 o - a scroll of enchant armour {unknown}
 s - a scroll of magic mapping {unknown}
 t - a scroll of recharging {unknown}
 v - a scroll of immolation {unknown}
Potions
 e - a potion of agility {unknown}
 f - a potion of lignification {unknown}
 k - a potion of heal wounds {unknown}
 n - a potion of curing
 z - a potion of degeneration {unknown}
Books
 c - a book of Battle

   Spells                             Type                      Level
   a - Infusion                       Charms                       1
   b - Shroud of Golubria             Charms/Translocation         2
   c - Song of Slaying                Charms                       2
   d - Spectral Weapon                Hexes/Charms                 3
   e - Regeneration                   Charms/Necromancy            3
Comestibles
 d - 2 bread rations
 g - a slice of pizza
 w - 2 meat rations


   Skills:
 - Level 1.7 Fighting
 + Level 4.8 Polearms
 - Level 0.8 Armour
 - Level 0.8 Dodging
 - Level 1.7 Spellcasting
 - Level 2.6 Charms


You had 3 spell levels left.
You knew the following spells:

 Your Spells              Type           Power        Failure   Level  Hunger
a - Infusion              Chrm           ##....       10%         1    #......
b - Song of Slaying       Chrm           ##......     12%         2    ###....


Dungeon Overview and Level Annotations

Branches:
Dungeon (3/15)


Innate Abilities, Weirdness & Mutations

You have an increased reservoir of magic (+10% MP).
Your attributes are resistant to harm.


Message History

The orc closely misses you. Something hits you.
You closely miss something. Something hits you.
* * * LOW HITPOINT WARNING * * *
The orc misses you. The orc closely misses you. Something hits you.
* * * LOW HITPOINT WARNING * * *
You completely miss something. The orc barely misses you.
Something hits you but does no damage. The orc closely misses you.
Something hits you but does no damage.
Your magical infusion is running out.
Your song is almost over.
Attack whom?
Press: ? - help, Dir - move target cursor, f - orc
Aim: an orc, wielding a club You reach to attack!
You hit the orc.
The orc is moderately wounded.
You puncture the orc!
You kill the orc!
Something hits you.
* * * LOW HITPOINT WARNING * * *
Something hits you.
You die...

.....# ...#.#
..#..# .#...#
#....# .....#
.##..# .##..#
###### .....#
#...@# #....#
#..o.# .#...#
#....# ..#..######
##....# ...#......#
#.....#
#......######..>..#
#####..# ##......#
#..## #....####
#...###<####


You could see an orc.

Vanquished Creatures
  6 adders
  4 gnolls (D:2)
  An ooze (D:1)
  A giant gecko (D:1)
  2 orcs
  4 giant cockroaches
  5 goblins
  10 hobgoblins
  3 kobolds (D:1)
  A quokka (D:2)
  A ball python (D:2)
  8 bats
  6 rats
52 creatures vanquished.

Notes
Turn   | Place    | Note
--------------------------------------------------------------
     0 | D:1      | abixa the Demigod Skald began the quest for the Orb.
     0 | D:1      | Reached XP level 1. HP: 17/17 MP: 5/5
   243 | D:1      | Reached XP level 2. HP: 19/24 MP: 0/7
   386 | D:1      | Reached skill level 3 in Polearms
   543 | D:1      | Learned a level 2 spell: Song of Slaying
   738 | D:1      | Reached XP level 3. HP: 24/29 MP: 3/8
  1070 | D:2      | Reached skill level 4 in Polearms
  1260 | D:2      | Reached XP level 4. HP: 34/36 MP: 3/9
  1930 | D:2      | Slain by an orc wizard

Action                   |  1- 3 |  4- 6 || total
-------------------------+-------+-------++-------
Melee: Spear             |   142 |    39 ||   181
       Trident           |       |    20 ||    20
Throw: Tomahawk          |     2 |       ||     2
 Cast: Infusion          |    15 |     5 ||    20
       Song of Slaying   |     3 |     2 ||     5
  Use: Potion            |     1 |       ||     1
 Stab: Sleeping          |     1 |       ||     1
  Eat: Chunk             |     2 |     2 ||     4
